 Dungeon Crawl Stone Soup version 0.22.1-1-ga44c0e56f4 (webtiles) character file.

3545 3rdEnemy the Basher (level 10, -1/65 HPs)
             Began as a Gargoyle Fighter on Sept 28, 2018.
             Was a Follower of the Shining One.
             Shot with an arrow by a centaur (4 damage)
             ... on level 8 of the Dungeon.
             The game lasted 00:18:48 (6813 turns).

3rdEnemy the Basher (Gargoyle Fighter)              Turns: 6813, Time: 00:18:49

Health: -1/65      AC: 22    Str: 23    XL:     10   Next: 9%
Magic:  10/10      EV:  6    Int:  9    God:    the Shining One [*.....]
Gold:   428        SH: 12    Dex:  9    Spells: 9/9 levels left

rFire    . . .     SeeInvis .   a - +0 morningstar
rCold    . . .     Gourm    .   c - +0 shield
rNeg     + . .     Faith    .   o - +0 chain mail
rPois    ∞         Spirit   .   (no helmet)
rElec    +         Reflect  +   (no cloak)
rCorr    +         Harm     .   r - +0 pair of gloves
MR       .....                  m - +1 pair of boots
Stlth    ..........             y - +3 amulet of reflection
HPRegen  0.20/turn              t - ring of resist corrosion
MPRegen  0.12/turn              d - +5 ring of slaying

@: marked, glowing
A: negative energy resistance 1, electricity resistance, unbreathing,
petrification resistance, rot immunity, AC +7
a: Renounce Religion


You were on level 8 of the Dungeon.
You worshipped the Shining One.
The Shining One was aware of your devotion.
You were not hungry.

You visited 2 branches of the dungeon, and saw 9 of its levels.

You collected 455 gold pieces.
You donated 27 gold pieces to Zin.

Inventory:

Hand Weapons
 a - a +0 morningstar (weapon)
Armour
 c - a +0 shield (worn)
 m - a +1 pair of boots (worn)
 o - a +0 chain mail (worn)
 r - a +0 pair of gloves (worn)
Jewellery
 d - a +5 ring of slaying (right hand)
 j - an uncursed ring of protection from magic
 t - a ring of resist corrosion (left hand)
 y - a +3 amulet of reflection (around neck)
Wands
 v - a wand of iceblast (5)
Scrolls
 e - 3 scrolls of identify
 h - a scroll of enchant weapon
 i - 2 scrolls of remove curse
 l - a scroll of magic mapping
Potions
 b - 4 potions of heal wounds {unknown}
 g - 2 potions of haste {unknown}
 k - a potion of curing {unknown}
 n - 2 potions of degeneration {unknown}
 p - 2 potions of lignification {unknown}
 q - 3 potions of cancellation {unknown}
 z - a potion of agility {unknown}
 A - 2 potions of invisibility {unknown}
 B - a potion of mutation {unknown}
Comestibles
 f - 14 rations
 u - 5 chunks of flesh


   Skills:
 + Level 8.4 Fighting
 * Level 10.2 Maces & Flails
 + Level 8.4 Armour
 - Level 3.2 Shields


You had 9 spell levels left.
You didn't know any spells.
Your spell library contained the following spells:

 Spells                   Type           Power        Failure   Level  Hunger
 Confusing Touch          Hex            #.....       100%        1    ##.....
 Ensorcelled Hibernation  Hex/Ice        #.....       100%        2    ###....
 Confuse                  Hex            #.......     100%        3    ####...
 Gell's Gravitas          Tloc           #.........   100%        3    ####...
 Petrify                  Tmut/Erth      #.......     100%        4    #####..
 Borgnjor's Vile Clutch   Necr/Erth      #.........   100%        5    ######.
 Metabolic Englaciation   Hex/Ice        #.........   100%        5    ######.
 Silence                  Hex/Air        #.........   100%        5    ######.
 Yara's Violent Unravell  Hex/Tmut       #.........   100%        5    ######.
 Darkness                 Hex            #.........   100%        6    #######
 Shadow Creatures         Summ           N/A          100%        6    #######


Dungeon Overview and Level Annotations

Branches:
Dungeon (8/15)             Temple (1/1) D:7
   Lair: D:8-11

Altars:
Ashenzari
Cheibriados
Dithmenos
Elyvilon
Fedhas
Gozag
Hepliaklqana
Kikubaaqudgha
Makhleb
Nemelex Xobeh
Okawaru
Qazlal
Ru
Trog
Vehumet
Wu Jian
Xom
Yredelemnul
Zin
The Shining One

Shops:
D:5 [

Annotations:
D:5 water fly
D:8 Harold, Psyche


Innate Abilities, Weirdness & Mutations

You are resistant to torment.
Your stone body is resilient. (AC +7)
You are immune to poison.
You resist negative energy. (rN+)
You are resistant to electric shocks. (rElec)
You can survive without breathing.
You are immune to petrification.
You are immune to rotting.


Message History

There is an open door here.
You see here an arrow.
The centaur shoots an arrow.
You reflect the arrow off an invisible shield around you!
The arrow hits the centaur!
The arrow freezes the centaur.
Found a stone staircase leading up.
The centaur shoots an arrow.
The arrow barely misses you.
The centaur shoots an arrow.
The arrow hits you.
* * * LOW HITPOINT WARNING * * *
The arrow freezes you.
* * * LOW HITPOINT WARNING * * *
Some of the chunks of flesh in your inventory have rotted away.
You see here 2 arrows.
You are no longer corroded.
Psyche the Insane Magess comes into view.
She is wielding a dagger of chaos.
Psyche shouts!
The centaur shoots an arrow.
The arrow hits you!
* * * LOW HITPOINT WARNING * * *
The arrow freezes you.
You die...

....# #.(.....# ....+
.......#.......# ....#
.....@.#.......# ....#
.......#....)..# ....#
.......+.......# .)).#
.......#.......# .)..#
#.....#.......#
.#'########.....###(#####
.#.......#......@.(....#
.#.......#...<.........#
.#.......#.............#
.##......##...####.....#
..#......##... #...?.#
..#.......#.. ...c..#
..#.......#. ....(.#
..#.......#. .<.....#
..#.......#


You could see Psyche and a centaur.

Vanquished Creatures
  A shadow (D:8)
  A wyvern (D:8)
  Sigmund (D:6)
  Grum (D:8)
  Menkaure (D:4)
  2 orc warriors (D:8)
  An ice beast (D:5)
  2 wolves (D:8)
  2 phantoms
  5 ogres
  3 centaurs
  A crocodile (D:8)
  A big kobold (D:8)
  4 bullfrogs
  A water moccasin zombie (D:5)
  A scorpion (D:8)
  3 howler monkeys
  A crimson imp (D:6)
  A jelly (D:8)
  5 hounds
  2 orc priests
  6 orc wizards
  5 iguanas
  4 worker ants
  2 worker ant zombies
  11 adders
  2 oozes (D:4)
  An adder zombie (D:8)
  2 worms
  5 dart slugs
  2 leopard geckos
  18 orcs
  3 ball pythons (D:2)
  5 bats
  4 giant cockroaches
  9 goblins
  5 hobgoblins
  12 jackals
  8 kobolds
  2 quokkas
  3 frilled lizards
  6 rats
155 creatures vanquished.

Vanquished Creatures (others)
  A centaur (D:7)
  A quokka (D:7)
2 creatures vanquished.

Grand Total: 157 creatures vanquished

Notes
Turn   | Place    | Note
-------+----------+-------------------------------------------
     0 | D:1      | 3rdEnemy the Gargoyle Fighter began the quest for the Orb.
     0 | D:1      | Reached XP level 1. HP: 14/14 MP: 1/1
   152 | D:1      | Reached XP level 2. HP: 19/19 MP: 2/2
   680 | D:2      | Reached XP level 3. HP: 23/23 MP: 3/3
   705 | D:2      | Found a snail-covered altar of Cheibriados.
   945 | D:2      | Reached skill level 3 in Maces & Flails
  1401 | D:2      | Reached XP level 4. HP: 20/29 MP: 4/4
  1405 | D:2      | Found a basalt altar of Yredelemnul.
  1496 | D:2      | Noticed an ogre
  1504 | D:2      | Killed an ogre
  1504 | D:2      | Reached skill level 4 in Maces & Flails
  1504 | D:2      | Reached XP level 5. HP: 8/33 MP: 5/5
  2366 | D:3      | Found a shattered altar of Ashenzari.
  2712 | D:4      | Reached XP level 6. HP: 39/39 MP: 6/6
  2889 | D:4      | Noticed Menkaure
  2901 | D:4      | Killed Menkaure
  2901 | D:4      | Reached skill level 5 in Maces & Flails
  3002 | D:4      | Reached skill level 5 in Fighting
  3002 | D:4      | Reached skill level 5 in Armour
  3045 | D:4      | Reached XP level 7. HP: 33/44 MP: 7/7
  3351 | D:4      | Reached skill level 6 in Maces & Flails
  3404 | D:5      | Entered Level 5 of the Dungeon
  3433 | D:5      | Found a shimmering altar of Xom.
  3722 | D:5      | Reached XP level 8. HP: 51/51 MP: 8/8
  3743 | D:5      | Found a burning altar of Makhleb.
  3744 | D:5      | Noticed a balrug
  3752 | D:5      | Found a glowing silver altar of Zin.
  3752 | D:5      | Noticed an angel
  3825 | D:5      | Found Zanotusm's Armour Boutique.
  3855 | D:5      | Found a shimmering altar of Xom.
  4139 | D:5      | Found a hazy altar of Hepliaklqana.
  4147 | D:5      | Reached skill level 7 in Maces & Flails
  4374 | D:6      | Noticed Sigmund
  4388 | D:6      | Killed Sigmund
  4696 | D:6      | Found a stormy altar of Qazlal.
  4708 | D:6      | Reached skill level 8 in Maces & Flails
  4905 | D:6      | Reached XP level 9. HP: 49/56 MP: 9/9
  5115 | D:5      | Became a worshipper of Zin the Law-Giver
  5115 | D:5      | Reached * piety under Zin
  5182 | D:7      | Found a staircase to the Ecumenical Temple.
  5197 | Temple   | Entered the Ecumenical Temple
  5481 | Temple   | Fell from the grace of Zin
  5481 | Temple   | Became a worshipper of the Shining One
  5508 | D:7      | Found a white marble altar of Elyvilon.
  5924 | D:7      | Reached skill level 9 in Maces & Flails
  6257 | D:8      | Reached * piety under the Shining One
  6288 | D:8      | Noticed Grum
  6374 | D:8      | Killed Grum
  6525 | D:8      | Reached XP level 10. HP: 53/64 MP: 10/10
  6592 | D:8      | Found a blossoming altar of Fedhas.
  6637 | D:8      | Reached skill level 10 in Maces & Flails
  6782 | D:8      | Found a bloodstained altar of Trog.
  6783 | D:8      | Noticed Harold
  6813 | D:8      | Noticed Psyche
  6813 | D:8      | HP: 3/65 [centaur/arrow (9)]
  6813 | D:8      | Shot with an arrow by a centaur

Skill      XL: |  1  2  3  4  5  6  7  8  9 10 |
---------------+-------------------------------+-----
Maces & Flails | 3 4 5 6 8 9 10 | 10.2
Fighting       | 4 5 6 8 |  8.4
Armour         | 4 5 6 8 |  8.4
Shields        | |  3.2

Action                   |  1- 3 |  4- 6 |  7- 9 | 10-12 || total
-------------------------+-------+-------+-------+-------++-------
Melee: Flail             |   185 |    95 |   139 |       ||   419
       Morningstar       |       |       |   156 |    23 ||   179
  Use: Potion            |       |     1 |       |       ||     1
       Scroll            |       |       |     9 |     2 ||    11
  Eat: Chunk             |     2 |     5 |    12 |     1 ||    20
Armor: Scale mail        |    67 |       |       |       ||    67
       Chain mail        |    71 |    51 |   207 |    10 ||   339
Dodge: Dodged            |    59 |    14 |    90 |     5 ||   168
Block: Shield            |   121 |    35 |   180 |    11 ||   347
       Reflection        |       |       |     4 |     1 ||     5
